[Event "2nd Serbian League-Vojvodina 2023"]
[Site "Novi Sad"]
[Date "2023.11.08"]
[Round "10.22"]
[White "Dekic, Josip"]
[Black "Mijatovic, Dejan"]
[Result "1/2-1/2"]
[ECO "B17"]
[WhiteElo "2221"]
[BlackElo "2185"]
[Annotator "RC"]
[PlyCount "137"]
[EventDate "2023.10.22"]
[EventType "team-tourn"]
[EventCountry "SRB"]
[SourceTitle "playchess.com"]
[Source "ChessBase"]
[SourceQuality "1"]
[TimeControl "40/5400+30:1800+30"]

1. e4 c6 2. Nc3 d5 3. Nf3 dxe4 4. Nxe4 Nd7 5. Bc4 e6 6. d4 Ngf6 7. Ng3 Be7 8. O-O O-O 9. Qe2 Nb6 10. Bb3 c5 11. c3 cxd4 12. Nxd4 a6 13. Bg5 h6 14. Bd2 Re8 15. Rad1 Qc7 16. Bc1 Bd7 17. Ne4 e5 18. Nxf6+ Bxf6 19. Nc2 Bb5 20. c4 Bxc4 21. Bxc4 Qxc4 22. Qxc4 Nxc4 23. b3 Na5 24. Nb4 Rad8 25. Nd5 Bg5 26. Be3 Bxe3 27. fxe3 Nc6 28. b4 e4 29. a3 Ne5 30. Rd4 Nd3 31. Ne7+ Kf8 32. Ng6+ Kg8 33. Ne7+ Kh7 34. Rxe4 f6 35. Rd1 Ne5 36. Rxd8 Rxd8 37. Rd4 Rxd4 38. exd4 Nc4 39. d5 Nd6 40. Kf2 g6 41. Ke3 Kg7 42. Kd4 Kf7 43. Nc6 bxc6 44. dxc6 Ke6 45. Kc5 f5 46. a4 g5 47. b5 axb5 48. axb5 Ne4+ 49. Kb6 f4 50. Kc7 g4 51. b6 f3 52. gxf3 gxf3 53. b7 f2 54. b8=Q f1=Q 55. Qe8+ Kd5 56. Qd7+ Ke5 57. Qe7+ Kd5 58. Qd7+ Ke5 59. Qe7+ Kd4 60. Kd8 Qa6 61. c7 Qb6 62. Qd7+ Ke5 63. Qe7+ Kf5 64. Qh7+ Ke5 65. Qe7+ Kd5 66. Qf7+ Ke5 67. Qe7+ Kd5 68. Qf7+ Kc6 69. Qe8+ 1/2-1/2

[Event "2nd Serbian League-Vojvodina 2023"]
[Site "Novi Sad"]
[Date "2023.11.08"]
[Round "10.23"]
[White "Bojkovic, Slobodan"]
[Black "Mikheev, Stanislav"]
[Result "1-0"]
[ECO "B40"]
[WhiteElo "2031"]
[BlackElo "2288"]
[Annotator "RC"]
[PlyCount "79"]
[EventDate "2023.10.22"]
[EventType "team-tourn"]
[EventCountry "SRB"]
[SourceTitle "playchess.com"]
[Source "ChessBase"]
[SourceQuality "1"]
[TimeControl "40/5400+30:1800+30"]

1. e4 e6 2. d3 d5 3. Nd2 c5 4. Ngf3 Nc6 5. c3 Nf6 6. e5 Nd7 7. d4 cxd4 8. cxd4 f6 9. exf6 Nxf6 10. a3 Bd6 11. b4 O-O 12. b5 Ne7 13. Bd3 Qe8 14. Ne5 Nf5 15. Bb2 Bd7 16. Qe2 Bc7 17. O-O Bb6 18. Nb3 Qe7 19. a4 Bc7 20. Nc5 Bc8 21. Rfe1 b6 22. Nb3 Bd6 23. a5 bxa5 24. Nxa5 Re8 25. Nac6 Qb7 26. g4 Ne7 27. f3 Qb6 28. Kg2 Nxc6 29. bxc6 a5 30. Qc2 Ba6 31. Ba3 Bxa3 32. Rxa3 Qb4 33. Rc3 a4 34. g5 Bxd3 35. Nxd3 Qxd4 36. gxf6 gxf6 37. c7 Rac8 38. Kh1 Re7 39. Ra1 Qf4 40. Nxf4 1-0

[Event "2nd Serbian League-Vojvodina 2023"]
[Site "Novi Sad"]
[Date "2023.11.08"]
[Round "10.24"]
[White "Roganovic, Nebojsa"]
[Black "Skoko, Milan"]
[Result "1-0"]
[ECO "B33"]
[WhiteElo "2129"]
[BlackElo "2108"]
[Annotator "RC"]
[PlyCount "60"]
[EventDate "2023.10.22"]
[EventType "team-tourn"]
[EventCountry "SRB"]
[SourceTitle "playchess.com"]
[Source "ChessBase"]
[SourceQuality "1"]
[TimeControl "40/5400+30:1800+30"]

1. e4 c5 2. Nf3 Nc6 3. d4 cxd4 4. Nxd4 Nf6 5. Nc3 e5 6. Ndb5 d6 7. Bg5 a6 8. Na3 Be6 9. Nc4 Rc8 10. Bxf6 gxf6 11. Bd3 Nb4 12. Ne3 Bh6 13. Ned5 Nxd5 14. Nxd5 Bxd5 15. exd5 Qa5+ 16. c3 Qxd5 17. O-O Rc7 18. Qe2 Qe6 19. Qh5 Bf8 20. c4 Rg8 21. b3 Qg4 22. Qxg4 Rxg4 23. Bxh7 Rd4 24. Rfd1 Rh4 25. Bf5 Rf4 26. g4 Ke7 27. Rd5 Rc5 28. Rad1 Rxd5 29. Rxd5 Kd8 30. Kg2 Kc7 1-0

[Event "2nd Serbian League-Vojvodina 2023"]
[Site "Novi Sad"]
[Date "2023.11.09"]
[Round "11.1"]
[White "Nevednichy, Vladislav"]
[Black "Georgiev, Krum"]
[Result "1/2-1/2"]
[ECO "B52"]
[WhiteElo "2447"]
[BlackElo "2294"]
[Annotator "RC"]
[PlyCount "21"]
[EventDate "2023.10.22"]
[EventType "team-tourn"]
[EventCountry "SRB"]
[SourceTitle "playchess.com"]
[Source "ChessBase"]
[SourceQuality "1"]
[TimeControl "40/5400+30:1800+30"]

1. e4 c5 2. Nf3 d6 3. Bb5+ Bd7 4. c4 e5 5. Nc3 Nc6 6. d3 Nge7 7. a3 Ng6 8. Nd5 Be7 9. b4 O-O 10. bxc5 dxc5 11. Bxc6 1/2-1/2

[Event "2nd Serbian League-Vojvodina 2023"]
[Site "Novi Sad"]
[Date "2023.11.09"]
[Round "11.2"]
[White "Mijatovic, Dusan"]
[Black "Stoleriu, George"]
[Result "1/2-1/2"]
[ECO "C18"]
[WhiteElo "2139"]
[BlackElo "2400"]
[Annotator "RC"]
[PlyCount "23"]
[EventDate "2023.10.22"]
[EventType "team-tourn"]
[EventCountry "SRB"]
[SourceTitle "playchess.com"]
[Source "ChessBase"]
[SourceQuality "1"]
[TimeControl "40/5400+30:1800+30"]

1. e4 e6 2. d4 d5 3. Nc3 Bb4 4. e5 c5 5. a3 Bxc3+ 6. bxc3 Qc7 7. Qg4 f6 8. Bb5+ Kf8 9. Qg3 Bd7 10. a4 cxd4 11. cxd4 a6 12. Be2 1/2-1/2

[Event "2nd Serbian League-Vojvodina 2023"]
[Site "Novi Sad"]
[Date "2023.11.09"]
[Round "11.4"]
[White "Bojkovic, Slobodan"]
[Black "Kovacevic, Sinisa"]
[Result "1/2-1/2"]
[ECO "D00"]
[WhiteElo "2031"]
[BlackElo "2240"]
[Annotator "RC"]
[PlyCount "26"]
[EventDate "2023.10.22"]
[EventType "team-tourn"]
[EventCountry "SRB"]
[SourceTitle "playchess.com"]
[Source "ChessBase"]
[SourceQuality "1"]
[TimeControl "40/5400+30:1800+30"]

1. d4 d5 2. a3 Nf6 3. Nf3 Bf5 4. e3 c6 5. Bd3 Bxd3 6. Qxd3 Nbd7 7. Nc3 Qc7 8. e4 dxe4 9. Nxe4 Nxe4 10. Qxe4 Nf6 11. Qf4 Qxf4 12. Bxf4 e6 13. O-O Rd8 1/2-1/2

[Event "2nd Serbian League-Vojvodina 2023"]
[Site "Novi Sad"]
[Date "2023.11.09"]
[Round "11.6"]
[White "Subic, Slobodan"]
[Black "Zolotic, Zoran"]
[Result "1/2-1/2"]
[ECO "B07"]
[WhiteElo "1870"]
[BlackElo "2193"]
[Annotator "RC"]
[PlyCount "34"]
[EventDate "2023.10.22"]
[EventType "team-tourn"]
[EventCountry "SRB"]
[SourceTitle "playchess.com"]
[Source "ChessBase"]
[SourceQuality "1"]
[TimeControl "40/5400+30:1800+30"]

1. d4 g6 2. Nc3 Bg7 3. e4 d6 4. Be3 Nf6 5. f3 O-O 6. Qd2 Re8 7. Bh6 Bh8 8. g4 c5 9. d5 Qa5 10. h4 a6 11. h5 Nbd7 12. hxg6 hxg6 13. Qh2 e6 14. Bd2 Bg7 15. Bh6 Bh8 16. Bd2 Bg7 17. Bh6 Nxg4 1/2-1/2

[Event "2nd Serbian League-Vojvodina 2023"]
[Site "Novi Sad"]
[Date "2023.11.09"]
[Round "11.8"]
[White "Jocev, Milan"]
[Black "Varga, Zoltan"]
[Result "1/2-1/2"]
[ECO "E12"]
[WhiteElo "2338"]
[BlackElo "2356"]
[Annotator "RC"]
[PlyCount "21"]
[EventDate "2023.10.22"]
[EventType "team-tourn"]
[EventCountry "SRB"]
[SourceTitle "playchess.com"]
[Source "ChessBase"]
[SourceQuality "1"]
[TimeControl "40/5400+30:1800+30"]

1. d4 Nf6 2. Nf3 e6 3. c4 b6 4. a3 Bb7 5. Nc3 Ne4 6. Nxe4 Bxe4 7. e3 Be7 8. Bd3 Bxd3 9. Qxd3 d5 10. O-O O-O 11. cxd5 1/2-1/2

[Event "2nd Serbian League-Vojvodina 2023"]
[Site "Novi Sad"]
[Date "2023.11.09"]
[Round "11.10"]
[White "Radlovacki, Jovan"]
[Black "Levnajic, Pavle"]
[Result "1/2-1/2"]
[ECO "C90"]
[WhiteElo "2268"]
[BlackElo "2160"]
[Annotator "RC"]
[PlyCount "22"]
[EventDate "2023.10.22"]
[EventType "team-tourn"]
[EventCountry "SRB"]
[SourceTitle "playchess.com"]
[Source "ChessBase"]
[SourceQuality "1"]
[TimeControl "40/5400+30:1800+30"]

1. e4 e5 2. Nf3 Nc6 3. Bb5 a6 4. Ba4 Nf6 5. O-O Be7 6. Re1 b5 7. Bb3 O-O 8. d3 d6 9. c3 Bb7 10. Nbd2 h6 11. Nf1 Re8 1/2-1/2

[Event "2nd Serbian League-Vojvodina 2023"]
[Site "Novi Sad"]
[Date "2023.11.09"]
[Round "11.13"]
[White "Agdelen, Huseyin Can"]
[Black "Andjusic, Ilija"]
[Result "1-0"]
[ECO "E80"]
[WhiteElo "2401"]
[BlackElo "1709"]
[Annotator "RC"]
[PlyCount "43"]
[EventDate "2023.10.22"]
[EventType "team-tourn"]
[EventCountry "SRB"]
[SourceTitle "playchess.com"]
[Source "ChessBase"]
[SourceQuality "1"]
[TimeControl "40/5400+30:1800+30"]

1. d4 Nf6 2. c4 d6 3. Nc3 g6 4. e4 Bg7 5. f3 Nc6 6. Nge2 e5 7. d5 Ne7 8. Be3 a6 9. Qd2 Bd7 10. Bh6 O-O 11. h4 Kh8 12. Bxg7+ Kxg7 13. h5 Nxh5 14. g4 Nf4 15. Nxf4 exf4 16. Qh2 Rh8 17. Qh6+ Kg8 18. Qxf4 Qf8 19. e5 Re8 20. Ne4 Nxd5 21. cxd5 Rxe5 22. O-O-O 1-0

[Event "2nd Serbian League-Vojvodina 2023"]
[Site "Novi Sad"]
[Date "2023.11.09"]
[Round "11.14"]
[White "Samani, Yamac"]
[Black "Lalic, Bogdan"]
[Result "1-0"]
[ECO "B12"]
[WhiteElo "2349"]
[BlackElo "2345"]
[Annotator "RC"]
[PlyCount "99"]
[EventDate "2023.10.22"]
[EventType "team-tourn"]
[EventCountry "SRB"]
[SourceTitle "playchess.com"]
[Source "ChessBase"]
[SourceQuality "1"]
[TimeControl "40/5400+30:1800+30"]

1. e4 c6 2. d4 d5 3. e5 Bf5 4. h4 h6 5. g4 Bd7 6. Be3 Qc8 7. Be2 h5 8. gxh5 Nh6 9. Nc3 Bf5 10. Qd2 e6 11. Nf3 Nd7 12. Rg1 Qc7 13. O-O-O O-O-O 14. Kb1 b5 15. Bg5 f6 16. Bf4 Qb6 17. Rde1 Nf7 18. h6 Nxh6 19. exf6 gxf6 20. Bd3 Re8 21. Re2 Bxd3 22. Qxd3 b4 23. Nd1 Nf7 24. Rge1 Nd8 25. c4 dxc4 26. Qxc4 Kb7 27. Ne3 Qb5 28. Qxb5+ cxb5 29. Rc2 e5 30. dxe5 fxe5 31. Rd1 Nc5 32. Bxe5 Rh5 33. Bg3 Nde6 34. Nd4 Nxd4 35. Rxd4 a5 36. Rf4 Bd6 37. Rf7+ Re7 38. Rf5 Rxf5 39. Nxf5 Re1+ 40. Rc1 Rxc1+ 41. Kxc1 Bf8 42. h5 Ne4 43. h6 Nf6 44. Bd6 Bxd6 45. Nxd6+ Kc6 46. Ne4 Nh7 47. f4 Kd5 48. Ng5 Nf8 49. h7 Ng6 50. f5 1-0

[Event "2nd Serbian League-Vojvodina 2023"]
[Site "Novi Sad"]
[Date "2023.11.09"]
[Round "11.15"]
[White "Grujic, Zoran"]
[Black "Alimpic, Aleksa"]
[Result "1/2-1/2"]
[ECO "D27"]
[WhiteElo "2315"]
[BlackElo "2290"]
[Annotator "RC"]
[PlyCount "39"]
[EventDate "2023.10.22"]
[EventType "team-tourn"]
[EventCountry "SRB"]
[SourceTitle "playchess.com"]
[Source "ChessBase"]
[SourceQuality "1"]
[TimeControl "40/5400+30:1800+30"]

1. Nf3 d5 2. d4 Nf6 3. c4 dxc4 4. e3 e6 5. Bxc4 c5 6. O-O a6 7. a4 cxd4 8. Nxd4 Bd7 9. b3 Nc6 10. Bb2 Bb4 11. Nd2 O-O 12. N2f3 Qe7 13. Bd3 Rfd8 14. Qe2 Rac8 15. Rfd1 Nd5 16. Rac1 Nxd4 17. Bxd4 Nc3 18. Bxc3 Bxc3 19. Be4 Bf6 20. Bxb7 1/2-1/2

[Event "2nd Serbian League-Vojvodina 2023"]
[Site "Novi Sad"]
[Date "2023.11.09"]
[Round "11.16"]
[White "Pajcin, Lav"]
[Black "Dragojlovic, Andjelko"]
[Result "1-0"]
[ECO "E76"]
[WhiteElo "2109"]
[BlackElo "2108"]
[Annotator "RC"]
[PlyCount "85"]
[EventDate "2023.10.22"]
[EventType "team-tourn"]
[EventCountry "SRB"]
[SourceTitle "playchess.com"]
[Source "ChessBase"]
[SourceQuality "1"]
[TimeControl "40/5400+30:1800+30"]

1. d4 g6 2. c4 Bg7 3. Nc3 Nf6 4. e4 O-O 5. Be2 c6 6. f4 d6 7. Nf3 Bg4 8. Be3 Nbd7 9. O-O Bxf3 10. Bxf3 e5 11. fxe5 dxe5 12. d5 cxd5 13. cxd5 Ne8 14. Qb3 Nd6 15. Nb5 Nxb5 16. Qxb5 b6 17. Rac1 f5 18. d6 f4 19. Bf2 Kh8 20. Rc7 Nc5 21. Bxc5 bxc5 22. Qxc5 Qb8 23. b4 Qb6 24. Rc6 Qd8 25. Rd1 Qh4 26. d7 Rad8 27. Rc8 h5 28. Rxd8 Rxd8 29. Qf2 Qe7 30. Qc5 Qh4 31. Qb6 a5 32. Qxa5 Kh7 33. Qc7 Bf6 34. Qd6 Be7 35. Qxe5 Bxb4 36. Qb5 Be1 37. Qe2 Bb4 38. e5 Kh6 39. e6 Be7 40. Qe5 Rf8 41. a4 g5 42. d8=Q Rxd8 43. Rxd8 1-0

[Event "2nd Serbian League-Vojvodina 2023"]
[Site "Novi Sad"]
[Date "2023.11.09"]
[Round "11.17"]
[White "Stikovic, Dobrica"]
[Black "Gagic, Milan A"]
[Result "1/2-1/2"]
[ECO "D32"]
[WhiteElo "2162"]
[BlackElo "2164"]
[Annotator "RC"]
[PlyCount "50"]
[EventDate "2023.10.22"]
[EventType "team-tourn"]
[EventCountry "SRB"]
[SourceTitle "playchess.com"]
[Source "ChessBase"]
[SourceQuality "1"]
[TimeControl "40/5400+30:1800+30"]

1. Nf3 Nf6 2. c4 e6 3. Nc3 d5 4. cxd5 exd5 5. d4 c5 6. Bf4 Nc6 7. e3 c4 8. Be2 Bb4 9. O-O O-O 10. Ne5 Bf5 11. g4 Bg6 12. f3 Bxc3 13. bxc3 Nd7 14. Nxg6 fxg6 15. Rb1 Nb6 16. Qc1 Qe7 17. Bd1 Rae8 18. g5 Nd8 19. h4 h6 20. Bc2 Ne6 21. Be5 Nxg5 22. hxg5 Qxg5+ 23. Kh1 Qh5+ 24. Kg2 Qg5+ 25. Kh1 Qh5+ 1/2-1/2

[Event "2nd Serbian League-Vojvodina 2023"]
[Site "Novi Sad"]
[Date "2023.11.09"]
[Round "11.18"]
[White "Pavkov, Nebojsa"]
[Black "Veljkovic, Vojislav"]
[Result "1-0"]
[ECO "A00"]
[WhiteElo "2199"]
[BlackElo "2163"]
[Annotator "RC"]
[PlyCount "69"]
[EventDate "2023.10.22"]
[EventType "team-tourn"]
[EventCountry "SRB"]
[SourceTitle "playchess.com"]
[Source "ChessBase"]
[SourceQuality "1"]
[TimeControl "40/5400+30:1800+30"]

1. g3 d5 2. Bg2 e5 3. d3 c6 4. Nf3 Bd6 5. c4 Ne7 6. O-O h6 7. e4 O-O 8. Nh4 g5 9. Qh5 gxh4 10. Bxh6 f6 11. Bxf8 Qxf8 12. Qxh4 dxc4 13. dxc4 Be6 14. Nd2 Nd7 15. Bh3 Qf7 16. Rad1 Kg7 17. Bxe6 Qxe6 18. Qh5 Bc5 19. Nb3 Rh8 20. Qf3 Bb6 21. Rd2 Nf8 22. c5 Bc7 23. Rfd1 Rh6 24. Qc3 f5 25. Rd6 Bxd6 26. cxd6 Nd5 27. exd5 Qxd6 28. f4 cxd5 29. fxe5 Qb6+ 30. Qd4 Kf7 31. Rf1 Nd7 32. Rxf5+ Ke7 33. Kg2 Qa6 34. Qd2 Rb6 35. Qg5+ 1-0

[Event "2nd Serbian League-Vojvodina 2023"]
[Site "Novi Sad"]
[Date "2023.11.09"]
[Round "11.19"]
[White "Szalai, Kornel"]
[Black "Jakovljev, Zoran"]
[Result "1-0"]
[ECO "B30"]
[WhiteElo "2383"]
[BlackElo "2194"]
[Annotator "RC"]
[PlyCount "85"]
[EventDate "2023.10.22"]
[EventType "team-tourn"]
[EventCountry "SRB"]
[SourceTitle "playchess.com"]
[Source "ChessBase"]
[SourceQuality "1"]
[TimeControl "40/5400+30:1800+30"]

1. Nf3 c5 2. e4 d6 3. g3 Nc6 4. Bg2 Nf6 5. d3 e6 6. O-O Be7 7. Re1 O-O 8. c3 d5 9. e5 Nd7 10. h4 b5 11. a4 b4 12. c4 dxc4 13. dxc4 Qc7 14. b3 Bb7 15. Bf4 Rfd8 16. Nbd2 Nf8 17. h5 Nd4 18. Nxd4 Rxd4 19. Bxb7 Qxb7 20. Qe2 Rad8 21. Ne4 Qc6 22. f3 f5 23. exf6 gxf6 24. Rad1 Qd7 25. Nf2 e5 26. Be3 Rxd1 27. Rxd1 Qc8 28. Ng4 Ne6 29. Nh6+ Kf8 30. Rxd8+ Bxd8 31. Qd3 Qc7 32. Qd5 Qc8 33. f4 exf4 34. gxf4 Kg7 35. f5 Ng5 36. Bxg5 fxg5 37. Ng4 h6 38. Qe5+ Kh7 39. Qe4 Qc7 40. f6+ Kh8 41. Qe8+ Kh7 42. Qg6+ Kh8 43. Qxh6+ 1-0

[Event "2nd Serbian League-Vojvodina 2023"]
[Site "Novi Sad"]
[Date "2023.11.09"]
[Round "11.20"]
[White "Popovic, Zoran"]
[Black "Nadj Hedjesi, Balind"]
[Result "1-0"]
[ECO "A21"]
[WhiteElo "2210"]
[BlackElo "2227"]
[Annotator "RC"]
[PlyCount "151"]
[EventDate "2023.10.22"]
[EventType "team-tourn"]
[EventCountry "SRB"]
[SourceTitle "playchess.com"]
[Source "ChessBase"]
[SourceQuality "1"]
[TimeControl "40/5400+30:1800+30"]

1. d4 d6 2. c4 e5 3. Nc3 exd4 4. Qxd4 Nc6 5. Qd2 g6 6. e4 Bh6 7. Qd1 Bg7 8. Bd3 Nge7 9. Nge2 O-O 10. O-O f5 11. Be3 Ne5 12. Qd2 h6 13. Rad1 Kh7 14. b3 Nxd3 15. Qxd3 Nc6 16. c5 dxc5 17. Bxc5 Qxd3 18. Rxd3 fxe4 19. Nxe4 Re8 20. N2g3 b6 21. Be3 Ne5 22. Rd2 Ba6 23. Rfd1 c5 24. Rd6 Bb7 25. Nf6+ Bxf6 26. Rxf6 Rad8 27. Rfd6 Rxd6 28. Rxd6 Re7 29. h3 Nf7 30. Rd1 a5 31. Ne2 g5 32. Nc3 Bc6 33. Nd5 Rb7 34. f4 gxf4 35. Nxf4 a4 36. Bc1 axb3 37. axb3 Ra7 38. Bb2 Ra2 39. Bf6 Ra7 40. Rd3 Rd7 41. Rg3 Nd6 42. Be5 Nf5 43. Rg6 Nd4 44. Rg4 Re7 45. Nh5 Rf7 46. Nf6+ Rxf6 47. Bxf6 Ne6 48. Be5 Bd5 49. Rg3 c4 50. b4 h5 51. h4 Be4 52. Re3 Bd3 53. g3 Kg6 54. Bc3 Ng7 55. Bxg7 Kxg7 56. Kf2 Kf6 57. Rf3+ Ke5 58. Ke3 Bf5 59. Kd2 Be4 60. Rf8 Kd4 61. Rc8 Bf3 62. b5 Be4 63. Rc6 Bd3 64. Rxb6 c3+ 65. Kc1 Kc5 66. Rc6+ Kxb5 67. Rxc3 Bc4 68. Kd2 Kc5 69. Ke3 Kd5 70. Kf4 Be2 71. Re3 Bg4 72. Re1 Kd6 73. Kg5 Kd7 74. Re4 Bf3 75. Rf4 Be2 76. Rd4+ 1-0

[Event "2nd Serbian League-Vojvodina 2023"]
[Site "Novi Sad"]
[Date "2023.11.09"]
[Round "11.21"]
[White "Farkas, Tibor"]
[Black "Telecki, Ivan"]
[Result "1-0"]
[ECO "B06"]
[WhiteElo "2210"]
[BlackElo "2260"]
[Annotator "RC"]
[PlyCount "44"]
[EventDate "2023.10.22"]
[EventType "team-tourn"]
[EventCountry "SRB"]
[SourceTitle "playchess.com"]
[Source "ChessBase"]
[SourceQuality "1"]
[TimeControl "40/5400+30:1800+30"]

1. e4 g6 2. d4 d6 3. Nc3 Bg7 4. Be3 Nd7 5. Qd2 c6 6. h4 h5 7. Nh3 Nb6 8. Ng5 d5 9. f3 e6 10. O-O-O Nf6 11. Be2 Qe7 12. Kb1 a5 13. e5 Nfd7 14. f4 Bf8 15. Rdg1 c5 16. Nb5 Qd8 17. dxc5 Nxc5 18. b3 Bd7 19. Nd6+ Bxd6 20. exd6 Rc8 21. Bxc5 O-O 22. Qd4 f6 1-0

[Event "2nd Serbian League-Vojvodina 2023"]
[Site "Novi Sad"]
[Date "2023.11.09"]
[Round "11.22"]
[White "Varga, Robert"]
[Black "Juhasz, Bence R"]
[Result "0-1"]
[ECO "E62"]
[WhiteElo "2043"]
[BlackElo "2210"]
[Annotator "RC"]
[PlyCount "90"]
[EventDate "2023.10.22"]
[EventType "team-tourn"]
[EventCountry "SRB"]
[SourceTitle "playchess.com"]
[Source "ChessBase"]
[SourceQuality "1"]
[TimeControl "40/5400+30:1800+30"]

1. d4 Nf6 2. c4 g6 3. Nf3 Bg7 4. Nc3 O-O 5. g3 d6 6. Bg2 Nc6 7. O-O e5 8. dxe5 dxe5 9. Qxd8 Rxd8 10. Bg5 Be6 11. b3 h6 12. Bxf6 Bxf6 13. Rad1 Nb4 14. Nb5 Rdc8 15. Nd2 a6 16. Nc3 c6 17. Nde4 Be7 18. Nd6 Rc7 19. Rd2 Rd8 20. Rfd1 Rcd7 21. Nde4 Rxd2 22. Rxd2 Rxd2 23. Nxd2 f5 24. Kf1 a5 25. e3 Kf7 26. Ke2 Kf6 27. h4 e4 28. f3 exf3+ 29. Bxf3 Bd6 30. Kf2 Be5 31. Ndb1 Ke7 32. e4 f4 33. gxf4 Bxf4 34. Be2 Be5 35. a3 Nc2 36. Bd1 Nxa3 37. Nxa3 Bxc3 38. Nc2 h5 39. Ne1 Kd6 40. Nd3 b6 41. Ke3 Bf6 42. Nf4 Bf7 43. Ng2 b5 44. cxb5 cxb5 45. Bc2 Kc5 0-1

[Event "2nd Serbian League-Vojvodina 2023"]
[Site "Novi Sad"]
[Date "2023.11.09"]
[Round "11.23"]
[White "Kecskemeti, Arpad"]
[Black "Petronijevic, Ognjen"]
[Result "1/2-1/2"]
[ECO "C45"]
[WhiteElo "2185"]
[BlackElo "1836"]
[Annotator "RC"]
[PlyCount "86"]
[EventDate "2023.10.22"]
[EventType "team-tourn"]
[EventCountry "SRB"]
[SourceTitle "playchess.com"]
[Source "ChessBase"]
[SourceQuality "1"]
[TimeControl "40/5400+30:1800+30"]

1. e4 e5 2. Nf3 Nc6 3. d4 exd4 4. Nxd4 Bc5 5. Nb3 Bb6 6. Nc3 Qf6 7. Qe2 Nge7 8. Be3 Nd4 9. Nxd4 Bxd4 10. Bxd4 Qxd4 11. Rd1 Qb4 12. Qb5 Nc6 13. Qxb4 Nxb4 14. Kd2 d6 15. Bb5+ Bd7 16. a3 Nc6 17. Nd5 O-O-O 18. Rhe1 Rhe8 19. f3 Ne7 20. Bxd7+ Rxd7 21. Nc3 Ng6 22. b3 Nf4 23. g3 Ne6 24. Ke3 f6 25. f4 c6 26. Kf3 Kc7 27. h4 Rde7 28. g4 d5 29. Re2 dxe4+ 30. Rxe4 Nc5 31. Rxe7+ Rxe7 32. b4 Nd7 33. Ne4 Nb6 34. Rd3 Nd7 35. Ng3 g5 36. hxg5 fxg5 37. Re3 Rxe3+ 38. Kxe3 gxf4+ 39. Kxf4 Kd6 40. c4 Ke6 41. Nf5 Ne5 42. Nd4+ Kd6 43. Nf5+ Ke6 1/2-1/2

[Event "2nd Serbian League-Vojvodina 2023"]
[Site "Novi Sad"]
[Date "2023.11.09"]
[Round "11.24"]
[White "Meseldzija, Jovan"]
[Black "Kler, Borko"]
[Result "0-1"]
[ECO "B83"]
[WhiteElo "1639"]
[BlackElo "2110"]
[Annotator "RC"]
[PlyCount "79"]
[EventDate "2023.10.22"]
[EventType "team-tourn"]
[EventCountry "SRB"]
[SourceTitle "playchess.com"]
[Source "ChessBase"]
[SourceQuality "1"]
[TimeControl "40/5400+30:1800+30"]

1. e4 c5 2. Nf3 d6 3. d4 cxd4 4. Nxd4 Nf6 5. Nc3 e6 6. Be3 Be7 7. Be2 O-O 8. O-O Nc6 9. f4 Bd7 10. Bf3 Nxd4 11. Bxd4 Bc6 12. Be3 Qc7 13. Qd2 b5 14. e5 dxe5 15. fxe5 Nd7 16. Bxc6 Qxc6 17. Bd4 Bc5 18. Kh1 b4 19. Ne2 Qd5 20. Rad1 Nxe5 21. Qg5 f6 22. Qh5 Bxd4 23. Rxd4 Qc5 24. Rh4 Qxc2 25. Nd4 Qg6 26. Nxe6 Qxh5 27. Rxh5 Rfc8 28. Rh3 Rc2 29. Rg3 Ng6 30. Rb3 Re8 31. Nd4 Rc4 32. Nb5 Re5 33. Nxa7 Ra5 34. Rxb4 Rxb4 35. Nc6 Rab5 36. Nxb4 Rxb4 37. b3 Ne5 38. Rb1 Kf7 39. Kg1 Ke6 40. a3 0-1